 Dungeon Crawl Stone Soup version 0.29-a0-321-gf1c400731a (webtiles) character file.

Game seed: 16675934995279530586

322 Murumi the Bolt Thrower (level 6, 0/47 HPs)
             Began as a Djinni Hunter on Apr 3, 2022.
             Slain by Murumi's ghost (14 damage)
             ... on level 4 of the Dungeon.
             The game lasted 00:11:43 (3567 turns).

Murumi the Bolt Thrower (Djinni Hunter)             Turns: 3567, Time: 00:11:44

Health: 0/47       AC:  5    Str: 10    XL:     6   Next: 76%
Gold:   66         EV: 13    Int:  7    God:
                   SH:  0    Dex: 22

rFire   + + +      SeeInvis .   a - +2 hand crossbow (freeze)
rCold   x . .      Faith    .   (no shield)
rNeg    . . .      Spirit   .   b - +0 leather armour
rPois   ∞          Reflect  .   n - +2 hat of the Blacksmith {+Inv rCorr Int-4 Dex+4 Stlth+}
rElec   .          Harm     .   (no cloak)
rCorr   +          Rampage  .   (no gloves)
Will    .....                   (boots unavailable)
Stlth   ++++......              (no amulet)
HPRegen 0.15/turn               j - ring of protection from fire
MPRegen 0.00/turn               (no ring)

@: flying
A: sickness immunity, fire resistance 2, cold vulnerability 1, float, innate
caster, HP casting, extra vitality 1
a: Evoke Invisibility


You were on level 4 of the Dungeon.
You visited 1 branch of the dungeon, and saw 4 of its levels.

You collected 108 gold pieces.
You spent 42 gold pieces at shops.

Inventory:

Hand Weapons
 a - a +2 hand crossbow of freezing (weapon)
Armour
 b - a +0 leather armour (worn)
 n - the +2 hat of the Blacksmith (worn) {+Inv rCorr Int-4 Dex+4 Stlth+}
   (You acquired it on level 2 of the Dungeon)

   Int:       It affects your intelligence (-4).
   Dex:       It affects your dexterity (+4).
   +Inv:      It lets you turn invisible.
   rCorr:     It protects you from acid and corrosion.
   Stlth:     It makes you more stealthy.
Jewellery
 j - a ring of protection from fire (left hand)
Scrolls
 c - a scroll of immolation
 o - a scroll of blinking
 p - a scroll of enchant armour
 q - a scroll of teleportation
Potions
 d - a potion of cancellation
 e - 2 potions of curing
 f - a potion of magic {unknown}
 g - 2 potions of attraction {unknown}
 h - 5 potions of heal wounds
 i - a potion of might {unknown}
 k - a potion of lignification {unknown}
 l - a potion of mutation {unknown}
 m - 2 potions of degeneration {unknown}


   Skills:
 + Level 3.9 Fighting
 - Level 4.0 Crossbows
 - Level 1.0 Armour
 - Level 3.0 Dodging
 - Level 3.0 Stealth
 - Level 1.0 Spellcasting
 - Level 1.0 Evocations


You had 4 spell levels left.
You knew the following spells:

 Your Spells              Type           Power      Damage    Failure   Level
a - Apportation           Tloc           2%         N/A       36%         1
b - Call Imp              Summ           1%         N/A       50%         2
Your spell library was empty.

Dungeon Overview and Level Annotations

Branches:
Dungeon (4/15)
 Temple: D:4-7

Altars:
Fedhas
Wu Jian

Shops:
D:1 ?

Annotations:
D:4 1 runed translucent door, Murumi's ghost, novice FoAK


Innate Abilities, Weirdness & Mutations

You are immune to sickness and miasma.
You are immune to poison.
Your flesh is very heat resistant. (rF++)
You are vulnerable to cold. (rC-)
You float through the air rather than walking.
You learn spells naturally, not from books.
Your magical power is your life essence.
You have superior vitality. (+4 MHP)


Message History

Shoot: a) +2 hand crossbow (freeze)
Press: ? - help, Q - select action, (/) - cycle Shift-Dir - straight line, f/p - Murumi's ghost
Aim: Murumi's ghost (heavily damaged, 69% to hit)
You shoot a bolt.
The bolt hits Murumi's ghost but does no damage.
Murumi's ghost is heavily damaged.
Murumi's ghost hits you!
* * * LOW HITPOINT WARNING * * *
You feel much better. Murumi's ghost misses you.
Shoot: a) +2 hand crossbow (freeze)
Press: ? - help, Q - select action, (/) - cycle Shift-Dir - straight line, f/p - Murumi's ghost
Aim: Murumi's ghost (heavily damaged, 69% to hit)
You shoot a bolt.
The bolt hits Murumi's ghost but does no damage.
Murumi's ghost is heavily damaged.
Murumi's ghost barely misses you. Murumi's ghost hits you!
Shoot: a) +2 hand crossbow (freeze)
Press: ? - help, Q - select action, (/) - cycle Shift-Dir - straight line, f/p - Murumi's ghost
Aim: Murumi's ghost (heavily damaged, 69% to hit)
You shoot a bolt. The bolt hits Murumi's ghost.
The bolt freezes Murumi's ghost.
Murumi's ghost is severely damaged.
Murumi's ghost misses you.
Shoot: a) +2 hand crossbow (freeze)
Press: ? - help, Q - select action, (/) - cycle Shift-Dir - straight line, f/p - Murumi's ghost
Aim: Murumi's ghost (severely damaged, 69% to hit)
You shoot a bolt.
The bolt hits Murumi's ghost but does no damage.
Murumi's ghost is severely damaged.
Murumi's ghost misses you.
Shoot: a) +2 hand crossbow (freeze)
Press: ? - help, Q - select action, (/) - cycle Shift-Dir - straight line, f/p - Murumi's ghost
Aim: Murumi's ghost (heavily damaged, 69% to hit)
You shoot a bolt.
The bolt hits Murumi's ghost but does no damage.
Murumi's ghost is heavily damaged.
Murumi's ghost hits you.
* * * LOW HITPOINT WARNING * * *
Murumi's ghost hits you!
You die...

...###...###....#.........## #..
..........#........#.......# #..
..........#........#.......# #..
..........#........#...)...# #..
..........'........#.......# #..
######...##..########.##..## #..
...###...##..############.## #..
..............#≈≈≈≈≈≈≈≈≈#..# #..
..............'≈@W≈=≈≈≈≈+..# #..
..............#≈≈≈≈≈≈≈≈≈#..# #..
..............###########..# #..
..###....##>.###.# #..##..## #..
..####'####..###†###..##..## #..
..................#...#....# #..
..................#...#..).# #..
######..###...##..##..##..#######
######..############..##..##.....


You could see Murumi's ghost.

Vanquished Creatures
  A bullfrog (D:4)
  An orc wizard (D:4)
  8 adders
  3 gnolls (D:2)
  2 river rats (D:4)
  An ufetubus (D:4)
  5 worms
  5 orcs
  5 ball pythons
  8 endoplasms
  3 giant cockroaches
  8 goblins
  6 hobgoblins
  9 jackals
  4 kobolds
  5 quokkas
  8 bats
  4 frilled lizards
  7 rats
93 creatures vanquished.

Vanquished Creatures (others)
  A plant (D:1)
1 creature vanquished.

Grand Total: 94 creatures vanquished

Notes
Turn   | Place    | Note
-------+----------+-------------------------------------------
     0 | D:1      | Murumi the Djinni Hunter began the quest for the Orb.
     0 | D:1      | Reached XP level 1. HP: 18/18 MP: 0/0
    42 | D:1      | Reached skill level 1 in Stealth
   164 | D:1      | Reached XP level 2. HP: 18/23 MP: 0/0
   444 | D:1      | Found Vico's Magic Scroll Boutique.
   474 | D:1      | Bought a scroll of noise for 14 gold pieces
   628 | D:1      | Reached XP level 3. HP: 28/28 MP: 0/0
   628 | D:1      | Learned a level 1 spell: Apportation
   694 | D:1      | Found a faded altar of an unknown god.
  1260 | D:1      | Bought a scroll of identify for 28 gold pieces
  1298 | D:2      | Reached skill level 4 in Crossbows
  1298 | D:2      | Reached XP level 4. HP: 33/33 MP: 0/0
  1309 | D:2      | Reached skill level 1 in Armour
  1720 | D:2      | Identified a scroll of acquirement
  1720 | D:2      | Acquired the +2 hat of the Blacksmith {+Inv rCorr Int-4
                  | Dex+4 Stlth+}
  2034 | D:3      | Reached XP level 5. HP: 39/39 MP: 0/0
  2034 | D:3      | Learned a level 2 spell: Call Imp
  2534 | D:3      | Reached skill level 1 in Evocations
  2881 | D:4      | Found an ornate altar of the Wu Jian Council.
  2882 | D:4      | Found a blossoming altar of Fedhas.
  2907 | D:4      | Reached skill level 1 in Spellcasting
  2954 | D:4      | Found a runed translucent door.
  3032 | D:4      | Reached XP level 6. HP: 46/46 MP: 0/0
  3091 | D:4      | Found a runed translucent door.
  3094 | D:4      | Noticed Murumi's ghost (novice FoAK)
  3567 | D:4      | Slain by Murumi's ghost

Illustrated notes

Levels and vault maps discovered:
D:1:      dpeg_arrival_three_same_balls, layout_basic, serial_shops,
          nicolae_shop_statue_plus, shapermc_ecumenical_altar_rom_forum
D:2:      layout_basic, minmay_pentomino_v2
D:3:      layout_basic, kennysheep_flooded_box
D:4:      layout_gridville, mainiacjoe_overflow_divided_tiny,
          ebering_ghost_sewer_f

Skill      XL: |  1  2  3  4  5  6 |
---------------+-------------------+-----
Stealth        | 1 2 3 |  3.0
Dodging        | 3 |  3.0
Crossbows      | 4 |  4.0
Armour         | 1 |  1.0
Fighting       | 3 |  3.9
Evocations     | 1 |  1.0
Spellcasting   | 1 |  1.0

Action                   |  1- 3 |  4- 6 || total
-------------------------+-------+-------++-------
 Fire: Hand crossbow     |    84 |   162 ||   246
  Use: Scroll            |     7 |     4 ||    11
       Potion            |       |     1 ||     1
Armor: Leather armour    |    12 |    23 ||    35
Dodge: Dodged            |    43 |    53 ||    96

Table legend: (Time is in decaauts)
 A = Elapsed time spent in this place.
 B = Non-inter-level travel time spent in this place.
 C = Inter-level travel time spent in this place.
 D = Time resting spent in this place.
 E = Time spent auto-exploring this place.
 F = Levels seen in this place.
 G = Mean time per level.
                   A        B        C        D        E       F      G
               +--------+--------+--------+--------+--------+-----+--------+
         Total |   3659 |   3213 |    446 |      0 |   2605 |   4 |  914.8 |
       Dungeon |   3659 |   3213 |    446 |      0 |   2605 |   4 |  914.8 |
               +--------+--------+--------+--------+--------+-----+--------+

Top non-repeatable levels by time:
     D:1: 1153 daAuts
     D:2: 905 daAuts
     D:4: 806 daAuts
     D:3: 793 daAuts
